 Dungeon Crawl Stone Soup version 0.29.1-2-gbd0b4ee654 (webtiles) character file.

Game seed: 14842734341894601888

1282 zeram the Sneak (level 8, -1/44 (58) HPs)
             Began as a Gnoll Enchanter on Nov 6, 2022.
             Slain by a wight
             ... wielding a +4 flail
              (13 damage)
             ... on level 6 of the Dungeon.
             The game lasted 00:13:50 (7177 turns).

zeram the Sneak (Gnoll Enchanter)                   Turns: 7177, Time: 00:13:51

HP:   -1/44 (58)    AC:  6    Str: 16    XL:     8   Next: 54%
MP:   2/17          EV: 14    Int: 22    God:
Gold: 328           SH:  0    Dex: 12    Spells: 14/19 levels left

rFire   . . .      SeeInvis .   a - +1 dagger
rCold   + + .      Faith    .   (no shield)
rNeg    . . .      Spirit   .   y - +2 robe of Elo Piuw {rC+ Str+7}
rPois   .          Reflect  .   (no helmet)
rElec   .          Harm     .   (no cloak)
rCorr   .          Rampage  .   x - +0 pair of gloves
Will    .....                   j - +0 pair of boots
Stlth   +++.......              (no amulet)
HPRegen 0.14/turn               e - +6 ring of intelligence
MPRegen 0.15/turn               d - ring of protection from cold

@: very slightly contaminated, heavily drained
A: fangs 1, strong nose, distributed training
a: no special abilities


You were on level 6 of the Dungeon.
You visited 1 branch of the dungeon, and saw 6 of its levels.

You collected 328 gold pieces.

Inventory:

Hand Weapons
 a - a +1 dagger (weapon)
 t - a +2 whip of flaming
 w - a +2 flail of distortion
Armour
 b - a +2 robe
 j - a +0 pair of boots (worn)
 x - a +0 pair of gloves (worn)
 y - the +2 robe of Elo Piuw (worn) {rC+ Str+7}
   (You found it on level 5 of the Dungeon)

   Str:       It affects your strength (+7).
   rC:        It protects you from cold.
 A - the +5 ring mail "Unatuth" {Str-4 Slay+5}
   (You took it off a wight on level 6 of the Dungeon)

   Str:       It affects your strength (-4).
   Slay:      It affects your accuracy & damage with ranged weapons and melee
   (+5).
Jewellery
 d - a ring of protection from cold (right hand)
 e - a +6 ring of intelligence (left hand)
Wands
 v - a wand of flame (14)
 B - a wand of quicksilver (4)
Scrolls
 f - a scroll of summoning
 i - 4 scrolls of immolation
 s - 3 scrolls of magic mapping
 u - a scroll of identify
Potions
 c - a potion of invisibility
 g - a potion of resistance {unknown}
 h - 2 potions of magic
 k - a potion of lignification
 l - 2 potions of might {unknown}
 m - 3 potions of brilliance
 n - 2 potions of attraction
 o - a potion of curing {unknown}
 p - 2 potions of mutation {unknown}
 q - 2 potions of flight {unknown}
 r - a potion of heal wounds
 z - a potion of degeneration {unknown}


   Skills:
 + Level 3.5 Fighting
 + Level 4.4 Short Blades
 + Level 3.5 Long Blades
 + Level 3.5 Axes
 + Level 3.5 Maces & Flails
 + Level 3.5 Polearms
 + Level 3.5 Staves
 + Level 3.5 Ranged Weapons
 + Level 3.5 Throwing
 + Level 3.5 Armour
 + Level 5.8 Dodging
 + Level 7.0 Stealth
 + Level 3.5 Shields
 + Level 3.5 Unarmed Combat
 + Level 6.1 Spellcasting
 + Level 2.8 Conjurations
 + Level 6.2 Hexes
 + Level 2.8 Summonings
 + Level 2.8 Necromancy
 + Level 2.8 Translocations
 + Level 2.8 Transmutations
 + Level 2.8 Fire Magic
 + Level 2.8 Ice Magic
 + Level 2.8 Air Magic
 + Level 2.8 Earth Magic
 + Level 2.8 Poison Magic
 + Level 3.8 Invocations
 + Level 3.5 Evocations


You had 14 spell levels left.
You knew the following spells:

 Your Spells              Type           Power      Damage    Failure   Level
a - Ensorcelled Hibernat  Hex/Ice        52%        N/A       1%          2
b - Tukima's Dance        Hex            34%        N/A       1%          3

Your spell library contained the following spells:

 Spells                   Type           Power      Damage    Failure   Level
 Confusing Touch          Hex            34%        N/A       1%          3
 Sting                    Tmut/Pois      76%        1d6       2%          1
 Poisonous Vapours        Pois/Air       38%        N/A       4%          2
 Dazzling Flash           Conj/Hex       52%        N/A       4%          3
 Corpse Rot               Necr/Pois/Air  19%        N/A       26%         4
 Olgreb's Toxic Radiance  Pois           19%        N/A       26%         4


Dungeon Overview and Level Annotations

Branches:
Dungeon (6/15)
 Temple: D:4-7

Altars:
Qazlal
Trog
Vehumet


Innate Abilities, Weirdness & Mutations

You have very sharp teeth.
Your uncanny sense of smell can sniff out nearby items.
Your experience applies equally to all skills.


Message History

You see here a wand of quicksilver (4).
B - a wand of quicksilver (4)
The wight hits you.
You feel drained. The wight attacks as you move away!
The wight completely misses you. The wight hits you.
You feel drained.
Casting: Tukima's Dance (safe; 1% risk of failure)
Confirm with . or Enter, or press ? or * to list all spells.
Aiming: Tukima's Dance (safe; 1% risk of failure)
Press: ? - help, Shift-Dir - straight line, f - wight, p - wight
Aim: a wight, wielding a +4 flail, wearing a +0 robe and wearing a ring of see invisible (chance to affect: 62%)
The wight resists with significant effort.
The wight hits you.
You feel drained.
Casting: Tukima's Dance (safe; 1% risk of failure)
Confirm with . or Enter, or press ? or * to list all spells.
Aiming: Tukima's Dance (safe; 1% risk of failure)
Press: ? - help, Shift-Dir - straight line, f/p - wight
Aim: a wight, wielding a +4 flail, wearing a +0 robe and wearing a ring of see invisible (chance to affect: 62%)
The wight resists with significant effort.
The wight barely misses you.
Unknown command.
Casting: Tukima's Dance (safe; 1% risk of failure)
Confirm with . or Enter, or press ? or * to list all spells.
Aiming: Tukima's Dance (safe; 1% risk of failure)
Press: ? - help, Shift-Dir - straight line, f/p - wight
Aim: a wight, wielding a +4 flail, wearing a +0 robe and wearing a ring of see invisible (chance to affect: 62%)
You miscast Tukima's Dance.
You are very lightly contaminated with residual magic.
Nothing appears to happen.
The wight hits you with a +4 flail.
You feel drained.
* * * LOW HITPOINT WARNING * * *
The wight hits you.
* * * LOW HITPOINT WARNING * * *
Casting: Tukima's Dance (safe; 1% risk of failure)
Confirm with . or Enter, or press ? or * to list all spells.
Aiming: Tukima's Dance (safe; 1% risk of failure)
Press: ? - help, Shift-Dir - straight line, f - wight, p - wight
Aim: a wight, wielding a +0 dire flail and wearing a +0 robe (chance to affect: 62%)
The +0 dire flail dances into the air!
The wight closely misses you. The wight hits you with a +4 flail!
You die...

.........#### #..## ####
...[........# #..####...# ..
...##[##.# ##.........# ##.
#.#.[)#.# #..........#
#...#..z).z.# +.....##...#
..........#.# ##....##...#
#.....#..##.#######.........
##..#...........z...........
.......#..##.#.z@....^.##...#
.##..#.....#.#.z.......# ...#
#...............##....# ..#
.[....#...#.(...####### .#
.#...#.##.##.....# #
.........# ..........# ∆
...##...# ∆


You could see 3 wights and a friendly +0 dire flail.

Vanquished Creatures
  Grinder (D:3)
  A black bear (D:6)
  An ogre (D:2)
  A centaur (D:4)
  A necrophage (D:4)
  A scorpion (D:6)
  A wight (D:6)
  3 orc priests
  3 iguanas
  3 orc wizards
  6 adders
  A white imp (D:4)
  2 dart slugs
  9 orcs (D:5)
  5 ball pythons
  8 endoplasms
  2 giant cockroaches
  8 hobgoblins
  16 jackals
  6 quokkas
  7 bats
  5 frilled lizards
  6 goblins
  7 kobolds
  6 rats
110 creatures vanquished.

Vanquished Creatures (collateral kills)
  Edmund (D:5)
  2 wights (D:6)
  An orc priest (D:6)
4 creatures vanquished.

Vanquished Creatures (others)
  A dancing weapon (D:6)
1 creature vanquished.

Grand Total: 115 creatures vanquished

Notes
Turn   | Place    | Note
-------+----------+-------------------------------------------
     0 | D:1      | zeram the Gnoll Enchanter began the quest for the Orb.
     0 | D:1      | Reached XP level 1. HP: 13/13 MP: 6/6
   110 | D:1      | Reached XP level 2. HP: 10/19 MP: 7/7
   446 | D:1      | Learned a level 2 spell: Ensorcelled Hibernation
   853 | D:1      | Reached skill level 5 in Spellcasting
   853 | D:1      | Reached XP level 3. HP: 13/25 MP: 6/9
  1016 | D:1      | Reached skill level 6 in Stealth
  1136 | D:1      | Reached skill level 1 in Invocations
  1828 | D:1      | Reached skill level 1 in Fighting
  1828 | D:1      | Reached skill level 1 in Long Blades
  1828 | D:1      | Reached skill level 1 in Axes
  1828 | D:1      | Reached skill level 1 in Maces & Flails
  1828 | D:1      | Reached skill level 1 in Polearms
  1828 | D:1      | Reached skill level 1 in Staves
  1828 | D:1      | Reached skill level 1 in Ranged Weapons
  1828 | D:1      | Reached skill level 1 in Throwing
  1828 | D:1      | Reached skill level 1 in Armour
  1828 | D:1      | Reached skill level 1 in Shields
  1828 | D:1      | Reached skill level 1 in Unarmed Combat
  1828 | D:1      | Reached skill level 1 in Evocations
  2044 | D:2      | Reached XP level 4. HP: 32/32 MP: 11/11
  2183 | D:2      | Noticed an ogre
  2190 | D:2      | Killed an ogre
  2191 | D:2      | Reached skill level 1 in Conjurations
  2191 | D:2      | Reached skill level 1 in Summonings
  2191 | D:2      | Reached skill level 1 in Necromancy
  2191 | D:2      | Reached skill level 1 in Translocations
  2191 | D:2      | Reached skill level 1 in Transmutations
  2191 | D:2      | Reached skill level 1 in Fire Magic
  2191 | D:2      | Reached skill level 1 in Ice Magic
  2191 | D:2      | Reached skill level 1 in Air Magic
  2191 | D:2      | Reached skill level 1 in Earth Magic
  2191 | D:2      | Reached skill level 1 in Poison Magic
  2191 | D:2      | Reached XP level 5. HP: 37/37 MP: 5/12
  2860 | D:3      | Identified the +10 dire flail of Strategic Superiority
                  | {venom, rPois}
  3053 | D:3      | Found a stormy altar of Qazlal.
  3054 | D:3      | Found a bloodstained altar of Trog.
  3055 | D:3      | Found a radiant altar of Vehumet.
  3122 | D:3      | Identified the +0 ring mail of Good Intentions {Stlth+}
  3199 | D:3      | Noticed Grinder
  3221 | D:3      | Paralysed by Grinder for 2 turns
  3232 | D:3      | Killed Grinder
  3233 | D:3      | Reached skill level 5 in Dodging
  3233 | D:3      | Reached XP level 6. HP: 38/44 MP: 14/14
  3896 | D:4      | Reached XP level 7. HP: 30/46 MP: 15/15
  3900 | D:4      | Learned a level 3 spell: Tukima's Dance
  4918 | D:5      | Entered Level 5 of the Dungeon
  5560 | D:5      | Identified the +2 robe of Elo Piuw {rC+ Str+7}
  5808 | D:5      | Noticed Edmund
  5822 | D:5      | Killed Edmund
  6330 | D:6      | Reached XP level 8. HP: 58/58 MP: 16/16
  7078 | D:6      | Identified the +5 ring mail "Unatuth" {Str-4 Slay+5}
  7088 | D:6      | Reached skill level 7 in Stealth
  7177 | D:6      | Slain by a wight

Illustrated notes

Levels and vault maps discovered:
D:1:      arrival_zaba_pyramid, layout_basic
D:2:      layout_basic, kennysheep_generic_room_11
D:3:      layout_basic, chequers_temple_overflow_statue_of_worship, uniq_grinder
D:4:      layout_gridville, kennysheep_another_room
D:5:      layout_basic, uniq_edmund
D:6:      layout_gridville, chequers_big_river, hangedman_decor_clover_reticule,
          chequers_mini_garden, lightli_orcish_oven, uniq_maggie

Skill      XL: |  1  2  3  4  5  6  7  8 |
---------------+-------------------------+-----
Spellcasting   | 5 6 |  6.1
Stealth        | 6 7 |  7.0
Invocations    | 1 2 3 |  3.8
Fighting       | 1 2 3 |  3.5
Long Blades    | 1 2 3 |  3.5
Axes           | 1 2 3 |  3.5
Maces & Flails | 1 2 3 |  3.5
Polearms       | 1 2 3 |  3.5
Staves         | 1 2 3 |  3.5
Ranged Weapons | 1 2 3 |  3.5
Throwing       | 1 2 3 |  3.5
Armour         | 1 2 3 |  3.5
Shields        | 1 2 3 |  3.5
Unarmed Combat | 1 2 3 |  3.5
Evocations     | 1 2 3 |  3.5
Short Blades   | 3 4 |  4.4
Conjurations   | 1 2 |  2.8
Summonings     | 1 2 |  2.8
Necromancy     | 1 2 |  2.8
Translocations | 1 2 |  2.8
Transmutations | 1 2 |  2.8
Fire Magic     | 1 2 |  2.8
Ice Magic      | 1 2 |  2.8
Air Magic      | 1 2 |  2.8
Earth Magic    | 1 2 |  2.8
Poison Magic   | 1 2 |  2.8
Dodging        | 5 |  5.8
Hexes          | 6 |  6.2

Action                   |  1- 3 |  4- 6 |  7- 9 || total
-------------------------+-------+-------+-------++-------
Melee: Dagger            |   147 |   177 |   201 ||   525
       Bite              |     9 |    12 |    15 ||    36
       Punch             |     2 |     1 |     8 ||    11
       Whip              |       |       |    14 ||    14
 Cast: Ensorcelled Hiber |     1 |     8 |    31 ||    40
       Tukima's Dance    |       |       |    13 ||    13
  Use: Scroll            |     6 |     4 |     5 ||    15
       Potion            |       |     5 |     1 ||     6
 Stab: Sleeping          |     9 |    14 |    22 ||    45
       Distracted        |     1 |       |     1 ||     2
       Invisible         |       |     2 |       ||     2
Armor: Robe              |    26 |    30 |    48 ||   104
Dodge: Dodged            |    94 |    98 |   134 ||   326
